 Dungeon Crawl Stone Soup version 0.29.1-2-gbd0b4ee654 (webtiles) character file.

Game seed: 18216650591100455301

163 safid the Shooter (level 5, -5/47 HPs)
             Began as a Minotaur Hunter on Nov 17, 2022.
             Slain by Menkaure (14 damage)
             ... on level 4 of the Dungeon.
             The game lasted 00:03:53 (2254 turns).

safid the Shooter (Minotaur Hunter)                 Turns: 2254, Time: 00:03:54

Health: -5/47      AC:  4    Str: 15    XL:     5   Next: 20%
Magic:  4/4        EV: 12    Int:  6    God:
Gold:   39         SH:  0    Dex: 16    Spells: 4/4 levels left

rFire   . . .      SeeInvis .   a - +0 shortbow
rCold   . . .      Faith    .   (shield currently unavailable)
rNeg    . . .      Spirit   .   c - +0 leather armour
rPois   .          Reflect  .   (helmet restricted)
rElec   .          Harm     .   (no cloak)
rCorr   .          Rampage  .   (no gloves)
Will    .....                   g - +0 pair of boots
Stlth   +.........              (no amulet)
HPRegen 0.15/turn               (no ring)
MPRegen 0.09/turn               (no ring)

@: no status effects
A: horns 2, retaliatory headbutt
a: no special abilities


You were on level 4 of the Dungeon.
You visited 1 branch of the dungeon, and saw 4 of its levels.

You collected 123 gold pieces.
You spent 84 gold pieces at shops.

Inventory:

Hand Weapons
 a - a +0 shortbow (weapon)
Armour
 c - a +0 leather armour (worn)
 g - a +0 pair of boots (worn)
Scrolls
 b - a scroll of immolation
 e - a scroll of vulnerability {unknown}
 f - 2 scrolls of identify {unknown}
 h - a scroll of enchant weapon {unknown}
 i - 4 scrolls of amnesia {unknown}
 j - a scroll of silence {unknown}
 o - a scroll of enchant armour {unknown}
 s - a scroll of noise {unknown}
 t - a scroll of torment {unknown}
Potions
 d - a potion of heal wounds {unknown}
 k - a potion of mutation {unknown}
 l - 4 potions of curing
 m - a potion of cancellation {unknown}
 n - 2 potions of haste {unknown}
 p - a potion of attraction {unknown}
 q - a potion of brilliance {unknown}
 r - a potion of lignification


   Skills:
 + Level 4.9 Fighting
 + Level 5.9 Ranged Weapons
 - Level 2.1 Dodging
 - Level 0.7 Stealth


You had 4 spell levels left.
You didn't know any spells.
Your spell library contained the following spells:

 Spells                   Type           Power      Damage    Failure   Level
 Ignite Poison            Fire/Tmut/Pois 0%         N/A       88%         3
 Mephitic Cloud           Conj/Pois/Air  0%         N/A       88%         3
 Ozocubu's Armour         Ice            0%         N/A       88%         3
 Freezing Cloud           Conj/Ice/Air   0%         6-21      100%        5
 Ozocubu's Refrigeration  Ice            0%         4d7       100%        7


Dungeon Overview and Level Annotations

Branches:
Dungeon (3/15)

Altars:
Gozag
Wu Jian
Xom
Yredelemnul
The Shining One

Shops:
D:3 (!!=

Annotations:
D:4 Menkaure


Innate Abilities, Weirdness & Mutations

You have a pair of horns on your head.
You reflexively headbutt those who attack you in melee.


Message History

The orc shouts!
You hear a shout!
Fire: a) +0 shortbow
Press: ? - help, Q - select action Shift-Dir - straight line, f/p - Menkaure
Aim: Menkaure (heavily damaged, 77% to hit)
You shoot an arrow. The arrow barely misses Menkaure.
Unknown command.
Fire: a) +0 shortbow
Press: ? - help, Q - select action Shift-Dir - straight line, f/p - Menkaure
Aim: Menkaure (heavily damaged, 77% to hit)
You shoot an arrow. The arrow hits Menkaure.
Menkaure is severely damaged.
Unknown command.
Fire: a) +0 shortbow
Press: ? - help, Q - select action Shift-Dir - straight line, f/p - Menkaure
Aim: Menkaure (severely damaged, 77% to hit)
You shoot an arrow.
The arrow hits Menkaure but does no damage.
Menkaure is severely damaged.
Menkaure hits you but does no damage.
Fire: a) +0 shortbow
Press: ? - help, Q - select action Shift-Dir - straight line, f/p - Menkaure
Aim: Menkaure (severely damaged, 77% to hit)
You shoot an arrow. The arrow closely misses Menkaure.
The arrow hits the orc.
The orc is almost dead.
Menkaure hits you!
* * * LOW HITPOINT WARNING * * *
Fire: a) +0 shortbow
Press: ? - help, Q - select action Shift-Dir - straight line, f/p - Menkaure
Aim: Menkaure (severely damaged, 77% to hit)
You shoot an arrow. The arrow hits Menkaure.
Menkaure is almost destroyed.
Menkaure barely misses you. You furiously retaliate!
You headbutt Menkaure.
Fire: a) +0 shortbow
Press: ? - help, Q - select action Shift-Dir - straight line, f/p - Menkaure
Aim: Menkaure (almost destroyed, 77% to hit)
You shoot an arrow. The arrow barely misses Menkaure.
The orc barely misses you. You furiously retaliate!
You headbutt the orc, but do no damage. Menkaure hits you!
You die...

###### #....#######
#.##..##...##
#.###.......########
#####.####.............#
#......................#
#.###'###..............#
#.# #..)...o@....##
..###.###.#.)[.M#.>#.#
..###_..+........#...#
..###.###........#...#
#.# #......... ).#
..###'###.......)....#
#.................. .#
####............ ..
######....


You could see Menkaure and an orc.

Vanquished Creatures
  An orc priest (D:4)
  7 adders
  An ufetubus (D:3)
  A dart slug (D:3)
  An orc (D:4)
  7 endoplasms
  8 giant cockroaches
  6 goblins
  3 hobgoblins
  5 jackals
  7 kobolds
  A quokka (D:2)
  3 ball pythons
  6 bats
  2 frilled lizards
  2 rats
61 creatures vanquished.

Notes
Turn   | Place    | Note
-------+----------+-------------------------------------------
     0 | D:1      | safid the Minotaur Hunter began the quest for the Orb.
     0 | D:1      | Reached XP level 1. HP: 18/18 MP: 0/0
    57 | D:1      | Reached XP level 2. HP: 26/26 MP: 1/1
   268 | D:1      | Reached skill level 5 in Ranged Weapons
   268 | D:1      | Reached XP level 3. HP: 31/31 MP: 2/2
   541 | D:2      | Found a glowing golden altar of the Shining One.
  1220 | D:3      | Found Epteopox's Distillery.
  1227 | D:3      | Bought a potion of curing for 36 gold pieces
  1227 | D:3      | Bought a potion of lignification for 36 gold pieces
  1227 | D:3      | Bought a potion of degeneration for 12 gold pieces
  1234 | D:3      | Reached XP level 4. HP: 40/40 MP: 3/3
  1354 | D:3      | Found a shimmering altar of Xom.
  1467 | D:3      | Found a basalt altar of Yredelemnul.
  1698 | D:3      | Found Toimef's Weapon Shop.
  1748 | D:3      | Found an opulent altar of Gozag.
  1783 | D:3      | Found Zenothag's Distillery.
  2066 | D:3      | Found Nudis's Jewellery Emporium.
  2145 | D:3      | You fall into a shaft and drop 1 floor!
  2147 | D:4      | Found an ornate altar of the Wu Jian Council.
  2228 | D:4      | Reached XP level 5. HP: 47/47 MP: 4/4
  2242 | D:4      | Noticed Menkaure
  2254 | D:4      | Slain by Menkaure

Illustrated notes

Levels and vault maps discovered:
D:1:      dpeg_arrival_pond, layout_rooms, minmay_worlds_worst_comb
D:2:      layout_loops_corners, basic_altar
D:3:      layout_basic, mainiacjoe_overflow_catwalk, grunt_gozag_statues,
          tgw_xom, serial_shops, nicolae_shop_crystal,
          nicolae_shop_advertising_works [nicolae_subvault_shop_adworks],
          nicolae_shop_statue_plus, nicolae_shop_hallway_plus
D:4:      layout_rooms, lemuel_doored_altar, chequers_serial_rivers_small_a,
          uniq_menkaure

Skill      XL: |  1  2  3 |
---------------+----------+-----
Fighting       | 3 4 |  4.9
Ranged Weapons | 5 |  5.9
Dodging        | |  2.1
Stealth        | |  0.7

Action                   |  1- 3 |  4- 6 || total
-------------------------+-------+-------++-------
 Fire: Shortbow          |    91 |    64 ||   155
Armor: Leather armour    |    13 |     4 ||    17
Dodge: Dodged            |    22 |    12 ||    34
